 Dungeon Crawl Stone Soup version 0.31-a0-1178-gc5c9b8f871 (webtiles) character file.

Game seed: 2162243696583273447

22591 qw the Marksgargoyle (level 13, -9/82 HPs)
             Began as a Gargoyle Hunter on Dec 11, 2023.
             Was the Champion of Okawaru.
             Mangled by a blink frog (11 damage)
             ... on level 2 of the Lair of Beasts.
             The game lasted 00:04:58 (9292 turns).

qw the Marksgargoyle (Gargoyle Hunter)              Turns: 9292, Time: 00:04:58

Health: -9/82      AC: 28    Str: 16    XL:     13   Next: 1%
Magic:  20/20      EV: 14    Int: 10    God:    Okawaru [******]
Gold:   453        SH:  5    Dex: 17    Spells: 12/12 levels left

rFire   . . .        q - +1 triple crossbow (elec)
rCold   + . .        (shield currently unavailable)
rNeg    + . .        d - +3 leather armour "Jinar" {Slay+3 Stlth+}
rPois   inf          p - +1 helmet "Vaph" {Rampage Will- SInv}
rElec   +            h - +2 cloak
rCorr   +            j - +2 pair of gloves
SInv    +            i - +2 pair of boots
Will    .....        b - amulet of reflection
Stlth   +++          t - ring of protection from cold
HPRegen 0.33/turn    s - ring of resist corrosion
MPRegen 0.17/turn

%: reflection, rampage
@: no status effects
A: sickness immunity, AC +9, negative energy resistance 1, electricity
resistance, torment resistance 1, petrification resistance
a: Renounce Religion, Heroism, Finesse, Duel


You were on level 2 of the Lair of Beasts.
You worshipped Okawaru.
Okawaru was exalted by your worship.
You visited 3 branches of the dungeon, and saw 13 of its levels.
You also visited: Ossuary.

You collected 705 gold pieces.
You spent 252 gold pieces at shops.


Innate Abilities, Weirdness & Mutations

You are immune to sickness and miasma.
Your stone body is resilient. (AC +9)
You are immune to poison.
You resist negative energy. (rN+)
You are resistant to electric shocks. (rElec)
You are resistant to unholy torment.
You are immune to petrification.


   Skills:
 - Level 10.0 Fighting
 + Level 15.9 Ranged Weapons
 - Level 5.0 Armour
 - Level 5.0 Dodging
 - Level 1.1 Stealth
 - Level 10.0 Invocations


You had 12 spell levels left.
You didn't know any spells.
Your spell library was empty.

Inventory:

Hand Weapons
 q - a +1 triple crossbow of electrocution (weapon)
Armour
 c - a +2 hat of willpower
 d - the +3 leather armour "Jinar" (worn) {Slay+3 Stlth+}
   (You took it off a kobold on level 3 of the Dungeon)

   Slay+3:    It affects your accuracy & damage with ranged weapons and melee
   (+3).
   Stlth+:    It makes you more stealthy.
 h - a +2 cloak (worn)
 i - a +2 pair of boots (worn)
 j - a +2 pair of gloves (worn)
 p - the +1 helmet "Vaph" (worn) {Rampage Will- SInv}
   (Okawaru gifted it to you on level 1 of the Lair of Beasts)

   Will-:     It decreases your willpower.
   SInv:      It lets you see invisible.
   Rampage:   It bestows one free step when moving towards enemies.
Jewellery
 b - an amulet of reflection (around neck)
 s - a ring of resist corrosion (right hand)
 t - a ring of protection from cold (left hand)
Wands
 a - a wand of iceblast (5)
 e - a wand of acid (3)
 f - a wand of digging (8)
 r - a wand of polymorph (2)
Scrolls
 m - a scroll of identify
 n - 4 scrolls of teleportation
Potions
 g - 2 potions of resistance
 k - a potion of enlightenment
 l - 3 potions of curing
 o - 2 potions of cancellation
 v - 3 potions of might

Dungeon Overview and Level Annotations

Branches:
Dungeon (10/15)            Temple (1/1) D:4            Lair (2/5) D:10
 Spider (0/4) Lair:2      Ossuary (visited)
  Swamp: Lair:2-3    Shoals: Lair:2-3       Orc: D:9-12

Altars:
Ashenzari
Cheibriados
Dithmenos
Elyvilon
Fedhas
Gozag
Hepliaklqana
Kikubaaqudgha
Makhleb
Nemelex Xobeh
Okawaru
Qazlal
Ru
Sif Muna
Trog
Uskayaw
Vehumet
Wu Jian
Xom
Yredelemnul
Zin
The Shining One

Shops:
D:2 :   D:4 (   D:6 (***!

Annotations:
D:2 exclusion: hobgoblin
D:6 3 runed translucent doors, qw's ghost, novice GrHu
D:7 2 transporters, qw's ghost, novice GrHu
D:8 4 transporters
Lair:1 1 runed translucent door, qw's ghost, journeyman GrFi


Message History

The elephant closely misses you.
You shoot a bolt. The bolt hits the elephant.
The elephant is almost dead.
The elephant tramples you!
You hold your ground!
You block the elephant's attack.
The elephant tramples you but does no damage.
The elephant trunk-slaps you but does no damage.
The elephant barely misses you. x2
The elephant tramples you but does no damage.
The elephant misses you. The elephant barely misses you. x2
You shoot a bolt. The bolt hits the elephant!
You kill the elephant!
Okawaru accepts your kill. Okawaru grants you throwing weapons!
Something appears at your feet!
The elephant tramples you but does no damage.
The elephant barely misses you. The elephant tramples you!
You hold your ground!
The elephant trunk-slaps you. The elephant tramples you!
You hold your ground!
You block the elephant's attack.
You have reached level 13!
9290 ||| READING 5 scrolls of teleportation.
As you read the scroll of teleportation, it crumbles to dust.
You feel strangely unstable.
The elephant tramples you but does no damage.
The elephant trunk-slaps you but does no damage.
The elephant tramples you!
You hold your ground!
The elephant barely misses you.
You shoot a bolt. The bolt barely misses the elephant.
The elephant barely misses you. x2; The elephant closely misses you.
The elephant trunk-slaps you. The elephant closely misses you.
The elephant trunk-slaps you but does no damage.
You block the elephant's attack.
The elephant trunk-slaps you but does no damage.
You shoot a bolt. The bolt hits the elephant!!
The elephant is moderately wounded.
Your surroundings suddenly seem different. 2 wolves and 4 blink frogs come into view.
Found 5 javelins.
Found an escape hatch in the ceiling.
The blink frog croaks. x3; You hear a loud, deep croak!
A yak comes into view.
The blink frog blinks!
The blink frog hits you!
You die...

.....#. ......#
......# ......#
## F.....#
####.#F......
##.....F...<..
#Fh...@ยค.....(
.........#.....
Y..h......# ..#
............ .
....#........ .
....##P.......#
# #P#
#.......## # ##
##......# #


You could see a yak (wandering), 4 blink frogs and 2 wolves.

Vanquished Creatures
  2 two-headed ogres (D:10)
  Pikel (D:7)
  An ugly thing (D:7)
  2 manticores (D:7)
  15 elephants
  An ice statue (Lair:2)
  Joseph (D:8)
  2 cane toads (Lair:1)
  A rime drake (Lair:1)
  A kobold demonologist (D:10)
  An unseen horror (D:7)
  A freezing wraith (Lair:2)
  6 komodo dragons (Lair:1)
  4 polar bears
  2 hornets (D:7)
  A wraith (D:7)
  A wyvern (Lair:1)
  20 yaks
  3 redbacks
  Eustachio (D:6)
  4 steam dragons
  7 water moccasins
  8 ice beasts
  3 sky beasts
  2 black bears (Lair:1)
  2 orc warriors
  A wolf (Lair:1)
  6 centaurs
  4 lemures (D:7)
  A phantom (D:5)
  8 bullfrogs
  9 scorpions
  6 kobold brigands
  10 wights
  2 centaur zombies (Ossuary)
  3 hounds
  A gnoll bouda (D:8)
  A human zombie (Ossuary)
  4 orc priests
  2 jellies (D:4)
  2 iguanas
  A sleepcap (D:3)
  6 orc wizards
  6 scorpion zombies (Ossuary)
  3 mummies (Ossuary)
  7 gnolls
  4 adders (D:4)
  3 white imps
  3 dart slugs
  24 orcs
  9 endoplasms
  2 giant cockroaches (D:4)
  A gnoll zombie (Ossuary)
  7 goblins
  8 hobgoblins
  3 jackals (D:1)
  6 quokkas
  9 ball pythons
  4 bats
  2 frilled lizards
  A hobgoblin zombie (Ossuary)
  20 kobolds
  A kobold zombie (Ossuary)
  2 orc zombies (Ossuary)
  2 rats
287 creatures vanquished.

Notes
Turn   | Place    | Note
-------+----------+-------------------------------------------
     0 | D:1      | qw the Gargoyle Hunter began the quest for the Orb.
     0 | D:1      | Reached XP level 1. HP: 12/12 MP: 1/1
     0 | D:1      | 0 ||| qw: Version: 0.3-a-106-g2cfff9e
     0 | D:1      | 0 ||| qw: Game counter: 1981
     0 | D:1      | 0 ||| qw: Melee chars always use a shield: true
     0 | D:1      | 0 ||| qw: God list: Okawaru
     0 | D:1      | 0 ||| qw: Allow faded altars: false
     0 | D:1      | 0 ||| qw: Do Orc after clearing Dungeon:15 true
     0 | D:1      | 0 ||| qw: Do second Lair branch before Depths: true
     0 | D:1      | 0 ||| qw: Lair rune preference: random
     0 | D:1      | 0 ||| qw: Goals: Normal, Save, Zot:1-4, Win
     0 | D:1      | 0 ||| PLANNING D:1-11
    83 | D:1      | Reached XP level 2. HP: 17/17 MP: 2/2
   469 | D:1      | Reached XP level 3. HP: 21/21 MP: 3/3
   540 | D:1      | Reached skill level 5 in Ranged Weapons
   659 | D:1      | 659 ||| UPGRADING to +0 ring mail.
   669 | D:1      | 669 ||| DROPPING +0 leather armour.
   670 | D:1      | 670 ||| READING 3 scrolls labelled ICUMPY IZUIJ.
   670 | D:1      | 670 ||| IDENTIFYING fuming orange potion
   671 | D:1      | 671 ||| READING 2 scrolls of identify.
   671 | D:1      | 671 ||| IDENTIFYING silvery potion
   672 | D:1      | 672 ||| READING scroll of identify.
   672 | D:1      | 672 ||| IDENTIFYING fuming brown potion
   673 | D:1      | 673 ||| READING scroll labelled IVIRUO ECAMU.
   673 | D:1      | 673 ||| ENCHANTING +0 shortbow.
   674 | D:1      | 674 ||| READING scroll labelled OCESIA PANNE.
   674 | D:1      | 674 ||| BRANDING +1 shortbow.
   675 | D:1      | 675 ||| READING scroll labelled CYISO LANAUV.
   676 | D:1      | 676 ||| DROPPING scroll of butterflies.
   677 | D:1      | 677 ||| DROPPING potion of brilliance.
   776 | D:2      | Found a faded altar of an unknown god.
   804 | D:2      | Found Paab's Book Shoppe.
   805 | D:2      | 805 ||| UPGRADING to amulet of reflection.
   810 | D:2      | 810 ||| READING scroll labelled EDOTUH OMPE.
   810 | D:2      | Identified a scroll of acquirement
   810 | D:2      | 810 ||| 810 ||| Offered +6 Majin-Bo {spellvamp, MP+6 Int+6}
   810 | D:2      | 810 ||| 810 ||| Offered +1 hat of willpower
   810 | D:2      | 810 ||| 810 ||| Offered manual of Necromancy
   810 | D:2      | 810 ||| 810 ||| Offered 604 gold pieces
   810 | D:2      | 810 ||| ACQUIRING +1 hat of willpower
   810 | D:2      | Acquired a +1 hat of willpower
   812 | D:2      | 812 ||| UPGRADING to +1 hat of willpower.
   882 | D:2      | Reached skill level 1 in Armour
   919 | D:2      | 919 ||| READING scroll of enchant weapon.
   919 | D:2      | 919 ||| ENCHANTING +1 shortbow of flaming.
  1280 | D:2      | 1280 ||| UPGRADING to +0 cloak.
  1285 | D:2      | 1285 ||| DROPPING +6 ring of intelligence.
  1286 | D:2      | 1286 ||| READING scroll labelled SEMODDY KOIXKOYB.
  1315 | D:3      | 1315 ||| Stepping ~*~*~tactically~*~*~ (retreating).
  1316 | D:3      | 1316 ||| Stepping ~*~*~tactically~*~*~ (retreating).
  1324 | D:3      | 1324 ||| Stepping ~*~*~tactically~*~*~ (retreating).
  1325 | D:3      | 1325 ||| Stepping ~*~*~tactically~*~*~ (retreating).
  1326 | D:3      | 1326 ||| Stepping ~*~*~tactically~*~*~ (retreating).
  1327 | D:3      | 1327 ||| Stepping ~*~*~tactically~*~*~ (retreating).
  1328 | D:3      | 1328 ||| Stepping ~*~*~tactically~*~*~ (retreating).
  1330 | D:3      | Reached skill level 3 in Fighting
  1330 | D:3      | Reached XP level 4. HP: 17/28 MP: 4/4
  1419 | D:3      | Identified the +3 leather armour "Jinar" {Slay+3 Stlth+}
  1561 | D:3      | Reached XP level 5. HP: 32/32 MP: 5/5
  1765 | D:3      | 1765 ||| UPGRADING to +3 leather armour "Jinar" {Slay+3
                  | Stlth+}.
  1775 | D:3      | 1775 ||| DROPPING +0 ring mail.
  1776 | D:3      | 1776 ||| UPGRADING to +2 pair of boots.
  1781 | D:3      | 1781 ||| READING scroll labelled DUSMES ICALAMEIGU.
  1824 | D:4      | Found a staircase to the Ecumenical Temple.
  1825 | D:4      | 1825 ||| PLANNING TEMPLE
  1834 | D:4      | Reached skill level 6 in Ranged Weapons
  1849 | Temple   | Entered the Ecumenical Temple
  1850 | Temple   | 1850 ||| PLANNING D:1-11
  1890 | D:4      | Noticed a steam dragon
  1891 | D:4      | 1891 ||| Stepping ~*~*~tactically~*~*~ (retreating).
  1892 | D:4      | 1892 ||| Stepping ~*~*~tactically~*~*~ (retreating).
  1893 | D:4      | 1893 ||| Stepping ~*~*~tactically~*~*~ (retreating).
  1898 | D:4      | Reached XP level 6. HP: 32/38 MP: 6/6
  1902 | D:4      | Killed a steam dragon
  1903 | D:4      | Reached skill level 7 in Ranged Weapons
  1904 | D:4      | 1904 ||| FLEEEEING.
  1905 | D:4      | 1905 ||| FLEEEEING.
  2016 | D:4      | Found Faezel's Weapon Emporium.
  2060 | D:4      | Found a shimmering altar of Xom.
  2167 | D:4      | Reached XP level 7. HP: 43/43 MP: 7/7
  2379 | D:4      | 2379 ||| READING scroll of identify.
  2379 | D:4      | 2379 ||| IDENTIFYING bubbling puce potion
  2380 | D:4      | 2380 ||| DROPPING potion of berserk rage.
  2446 | D:5      | Entered Level 5 of the Dungeon
  2606 | D:5      | Reached skill level 8 in Ranged Weapons
  3284 | D:5      | Found a snail-covered altar of Cheibriados.
  3287 | D:5      | Found an iron altar of Okawaru.
  3288 | D:5      | 3288 ||| READING scroll labelled PER HUELAH.
  3289 | D:5      | 3289 ||| READING scroll labelled ZUBO NITWAOHA.
  3289 | D:5      | 3289 ||| ENCHANTING +1 hat of willpower.
  3290 | D:5      | 3290 ||| READING scroll labelled FUBLO EVUSEQ.
  3310 | D:6      | 3310 ||| PLANNING OSSUARY
  3332 | D:6      | Reached XP level 8. HP: 49/49 MP: 8/8
  3378 | D:6      | Noticed Eustachio
  3390 | D:6      | Killed Eustachio
  3391 | D:6      | Reached skill level 9 in Ranged Weapons
  3394 | D:6      | Found a runed translucent gate.
  3394 | D:6      | Found a runed translucent gate.
  3395 | D:6      | Found a runed translucent gate.
  3396 | D:6      | Noticed qw's ghost (novice GrHu)
  3396 | D:6      | Noticed qw's ghost (novice GrHu)
  3396 | D:6      | Noticed qw's ghost (novice GrHu)
  3396 | D:6      | Noticed qw's ghost (novice GrHu)
  3439 | D:6      | Found Naimmiem's General Store.
  3444 | D:6      | 3444 ||| BUYING wand of acid (3) (126 gold).
  3444 | D:6      | Bought a wand of acid (3) for 126 gold pieces
  3444 | D:6      | 3444 ||| BUYING wand of digging (3) (126 gold).
  3444 | D:6      | Bought a wand of digging (3) for 126 gold pieces
  3577 | D:6      | Found Teuh's Distillery.
  3582 | D:6      | Reached skill level 6 in Fighting
  3589 | D:6      | Found a sand-covered staircase.
  3598 | Ossuary  | Entered an ossuary
  3654 | Ossuary  | Reached skill level 10 in Ranged Weapons
  3686 | Ossuary  | Reached XP level 9. HP: 56/56 MP: 9/9
  3746 | Ossuary  | Reached skill level 3 in Dodging
  3887 | Ossuary  | 3887 ||| UPGRADING to ring of protection from cold.
  3888 | Ossuary  | 3888 ||| READING 2 scrolls of identify.
  3888 | Ossuary  | 3888 ||| IDENTIFYING fuming sapphire potion
  3889 | Ossuary  | 3889 ||| READING scroll of identify.
  3889 | Ossuary  | 3889 ||| IDENTIFYING white potion
  3890 | Ossuary  | 3890 ||| READING 2 scrolls labelled DUURAUSOMN.
  3891 | Ossuary  | 3891 ||| READING scroll labelled MITABA KOTUIPU.
  3892 | Ossuary  | 3892 ||| READING scroll labelled AFUBLO DODACW.
  3893 | Ossuary  | 3893 ||| DRINKING 2 lumpy coppery potions.
  3894 | Ossuary  | 3894 ||| DROPPING potion of invisibility.
  3895 | Ossuary  | 3895 ||| DROPPING scroll of fog.
  3932 | D:6      | 3932 ||| PLANNING D:1-11
  3980 | D:5      | 3980 ||| PLANNING OKAWARU WORSHIP
  3988 | D:5      | Became a worshipper of Warmaster Okawaru
  3989 | D:5      | 3989 ||| PLANNING D:1-11
  4170 | D:6      | Found Cushigiu's General Store.
  4177 | D:6      | 4177 ||| SHOPLISTING +1 cloak of willpower (247 gold, have
                  | 15).
  4177 | D:6      | 4177 ||| SHOPLISTING 3 scrolls of enchant armour (337 gold,
                  | have 15).
  4177 | D:6      | 4177 ||| SHOPLISTING potion of curing (45 gold, have 15).
  4177 | D:6      | 4177 ||| SHOPLISTING potion of haste (150 gold, have 15).
  4177 | D:6      | 4177 ||| SHOPLISTING scroll of enchant armour (112 gold,
                  | have 15).
  4193 | D:6      | Found Poeg's Weapon Emporium.
  4337 | D:6      | Reached skill level 11 in Ranged Weapons
  4387 | D:6      | Found a shimmering blue altar of Sif Muna.
  4419 | D:6      | Found Juoxagag's Assorted Antiques.
  4433 | D:6      | 4433 ||| SHOPLISTING scroll labelled YDAXKOURPHA (21 gold,
                  | have 15).
  4433 | D:6      | 4433 ||| SHOPLISTING scroll of enchant weapon (157 gold,
                  | have 15).
  4433 | D:6      | 4433 ||| SHOPLISTING scroll of identify (42 gold, have 15).
  4478 | D:6      | 4478 ||| SHOPLISTING potion of curing (42 gold, have 35).
  4478 | D:6      | 4478 ||| SHOPLISTING potion of haste (140 gold, have 35).
  4478 | D:6      | 4478 ||| SHOPLISTING potion of heal wounds (70 gold, have
                  | 35).
  4478 | D:6      | 4478 ||| SHOPLISTING potion of resistance (140 gold, have
                  | 35).
  4545 | D:6      | 4545 ||| DRINKING 2 glowing sapphire potions.
  4592 | D:6      | 4592 ||| DROPPING potion of lignification.
  4661 | D:7      | Found an ornate altar of the Wu Jian Council.
  4683 | D:7      | Found a transporter.
  4685 | D:7      | Found a transporter.
  4693 | D:7      | Found a bloodstained altar of Trog.
  4701 | D:7      | Noticed a troll
  4701 | D:7      | Noticed a moth of wrath
  4702 | D:7      | Noticed qw's ghost (novice GrHu)
  4705 | D:7      | Noticed a hornet
  4723 | D:7      | Killed a hornet
  4723 | D:7      | Reached * piety under Okawaru
  4816 | D:7      | Noticed Pikel
  4817 | D:7      | 4817 ||| RETREEAATING.
  4821 | D:7      | 4821 ||| STILL RETREEAATING.
  4841 | D:7      | Killed Pikel
  4913 | D:7      | Noticed a brown ugly thing
  4914 | D:7      | 4914 ||| Stepping ~*~*~tactically~*~*~ (retreating).
  4916 | D:7      | 4916 ||| Stepping ~*~*~tactically~*~*~ (retreating).
  4916 | D:7      | Noticed a manticore
  4917 | D:7      | 4917 ||| Stepping ~*~*~tactically~*~*~ (retreating).
  4919 | D:7      | Noticed a manticore
  4920 | D:7      | Noticed a hornet
  4922 | D:7      | Reached skill level 3 in Invocations
  4922 | D:7      | Reached XP level 10. HP: 58/64 MP: 12/12
  4927 | D:7      | Killed an unseen horror
  4927 | D:7      | Reached ** piety under Okawaru
  4944 | D:7      | Killed a brown ugly thing
  4945 | D:7      | Reached skill level 12 in Ranged Weapons
  4956 | D:7      | HP: 16/64 [manticore (8)]
  4957 | D:7      | 4957 ||| READING 6 scrolls of teleportation.
  4958 | D:7      | 4958 ||| DRINKING 3 potions of heal wounds.
  4960 | D:7      | Killed a manticore
  4963 | D:7      | 4963 ||| RETREEAATING.
  4964 | D:7      | 4964 ||| STILL RETREEAATING.
  4973 | D:7      | HP: 10/64 [hornet (13)]
  4974 | D:7      | 4974 ||| READING 5 scrolls of teleportation.
  4975 | D:7      | 4975 ||| DRINKING 2 potions of heal wounds.
  5105 | D:7      | 5105 ||| Stepping ~*~*~tactically~*~*~ (retreating).
  5106 | D:7      | 5106 ||| Stepping ~*~*~tactically~*~*~ (retreating).
  5113 | D:7      | Killed a manticore
  5113 | D:7      | HP: 9/64 [wight/+0 long sword (8)]
  5114 | D:7      | 5114 ||| READING 4 scrolls of teleportation.
  5115 | D:7      | 5115 ||| DRINKING potion of heal wounds.
  5122 | D:7      | Reached *** piety under Okawaru
  5231 | D:7      | Found a shadowy altar of Dithmenos.
  5289 | D:7      | 5289 ||| FLEEEEING.
  5290 | D:7      | 5290 ||| FLEEEEING.
  5293 | D:7      | 5293 ||| FLEEEEING.
  5297 | D:7      | 5297 ||| FLEEEEING.
  5345 | D:7      | 5345 ||| Stepping ~*~*~tactically~*~*~ (cloud).
  5374 | D:7      | Reached skill level 13 in Ranged Weapons
  5423 | D:7      | Identified the +0 leather armour "Egebe" {^Contam Fly Int+8
                  | Stlth-}
  5546 | D:7      | 5546 ||| SWAPPING to +0 orcbow.
  5551 | D:7      | 5551 ||| DROPPING +2 shortbow of flaming.
  5586 | D:7      | 5586 ||| READING scroll of brand weapon.
  5586 | D:7      | 5586 ||| BRANDING +0 orcbow.
  5766 | D:7      | 5766 ||| DRINKING 3 bubbling green potions.
  5785 | D:8      | Reached skill level 9 in Fighting
  5831 | D:8      | Found a transporter.
  5879 | D:8      | 5879 ||| Stepping ~*~*~tactically~*~*~ (retreating).
  5880 | D:8      | 5880 ||| Stepping ~*~*~tactically~*~*~ (retreating).
  5881 | D:8      | Reached **** piety under Okawaru
  5882 | D:8      | Reached skill level 3 in Armour
  5882 | D:8      | Reached XP level 11. HP: 71/71 MP: 14/14
  6057 | D:8      | Found a broken altar of Ashenzari.
  6079 | D:8      | Found a transporter.
  6111 | D:8      | Noticed Joseph
  6118 | D:8      | 6118 ||| FLEEEEING.
  6119 | D:8      | 6119 ||| FLEEEEING.
  6125 | D:8      | Killed Joseph
  6516 | D:8      | Found a transporter.
  6518 | D:8      | Found a transporter.
  6563 | D:8      | Found a bloodstained altar of Trog.
  6727 | D:9      | Found a glowing golden altar of the Shining One.
  6740 | D:9      | 6740 ||| READING scroll of enchant armour.
  6740 | D:9      | 6740 ||| ENCHANTING +0 cloak.
  6972 | D:9      | Reached skill level 6 in Invocations
  6976 | D:9      | Reached ***** piety under Okawaru
  7017 | D:9      | 7017 ||| READING scroll of enchant armour.
  7017 | D:9      | 7017 ||| ENCHANTING +1 cloak.
  7077 | D:9      | 7077 ||| DROPPING +2 cloak.
  7078 | D:9      | 7078 ||| UPGRADING to ring of resist corrosion.
  7079 | D:9      | 7079 ||| READING 2 scrolls of identify.
  7079 | D:9      | 7079 ||| IDENTIFYING green potion
  7080 | D:9      | 7080 ||| READING scroll of identify.
  7080 | D:9      | 7080 ||| IDENTIFYING bubbling red potion
  7081 | D:9      | 7081 ||| DROPPING potion of attraction.
  7082 | D:9      | 7082 ||| DROPPING potion of ambrosia.
  7090 | D:10     | Entered Level 10 of the Dungeon
  7157 | D:10     | 7157 ||| READING scroll of enchant weapon.
  7157 | D:10     | 7157 ||| ENCHANTING +0 orcbow of draining.
  7162 | D:10     | Found a basalt altar of Yredelemnul.
  7212 | D:10     | Noticed a two-headed ogre
  7223 | D:10     | Killed a two-headed ogre
  7359 | D:10     | 7359 ||| Stepping ~*~*~tactically~*~*~ (retreating).
  7365 | D:10     | 7365 ||| Stepping ~*~*~tactically~*~*~ (retreating).
  7366 | D:10     | 7366 ||| Stepping ~*~*~tactically~*~*~ (retreating).
  7367 | D:10     | 7367 ||| Stepping ~*~*~tactically~*~*~ (retreating).
  7426 | D:10     | Noticed a two-headed ogre
  7436 | D:10     | Killed a two-headed ogre
  7437 | D:10     | Reached skill level 14 in Ranged Weapons
  7511 | D:10     | 7511 ||| READING scroll of brand weapon.
  7511 | D:10     | 7511 ||| BRANDING +1 orcbow of draining.
  7520 | D:10     | 7520 ||| RETREEAATING.
  7522 | D:10     | 7522 ||| RETREEAATING.
  7524 | D:10     | 7524 ||| RETREEAATING.
  7526 | D:10     | 7526 ||| RETREEAATING.
  7534 | D:10     | 7534 ||| Stepping ~*~*~tactically~*~*~ (retreating).
  7535 | D:10     | 7535 ||| Stepping ~*~*~tactically~*~*~ (retreating).
  7536 | D:10     | 7536 ||| Stepping ~*~*~tactically~*~*~ (retreating).
  7767 | D:10     | Found a staircase to the Lair.
  7957 | D:10     | 7957 ||| PLANNING LAIR
  7957 | D:10     | 7957 ||| UPGRADING to +0 pair of gloves.
  7962 | D:10     | 7962 ||| DROPPING +2 robe of willpower.
  7963 | D:10     | 7963 ||| READING scroll of enchant armour.
  7963 | D:10     | 7963 ||| ENCHANTING +0 pair of gloves.
  7964 | D:10     | 7964 ||| READING 2 scrolls of identify.
  7964 | D:10     | 7964 ||| IDENTIFYING fuming emerald potion
  7965 | D:10     | 7965 ||| READING scroll of identify.
  7965 | D:10     | 7965 ||| IDENTIFYING 2 amethyst potions
  7966 | D:10     | 7966 ||| DROPPING 2 potions of degeneration.
  8003 | Lair:1   | Entered Level 1 of the Lair of Beasts
  8154 | Lair:1   | Found a runed translucent door.
  8165 | Lair:1   | Noticed qw's ghost (journeyman GrFi)
  8227 | Lair:1   | 8227 ||| Stepping ~*~*~tactically~*~*~ (retreating).
  8228 | Lair:1   | 8228 ||| Stepping ~*~*~tactically~*~*~ (retreating).
  8229 | Lair:1   | 8229 ||| Stepping ~*~*~tactically~*~*~ (retreating).
  8230 | Lair:1   | 8230 ||| Stepping ~*~*~tactically~*~*~ (retreating).
  8231 | Lair:1   | 8231 ||| Stepping ~*~*~tactically~*~*~ (retreating).
  8232 | Lair:1   | 8232 ||| Stepping ~*~*~tactically~*~*~ (retreating).
  8234 | Lair:1   | 8234 ||| Stepping ~*~*~tactically~*~*~ (retreating).
  8254 | Lair:1   | Reached XP level 12. HP: 77/77 MP: 18/18
  8282 | Lair:1   | Reached ****** piety under Okawaru
  8283 | Lair:1   | 8283 ||| INVOKING Receive Weapon.
  8283 | Lair:1   | 8283 ||| 8283 ||| Offered +6 great mace of protection with
                  | value -1
  8283 | Lair:1   | 8283 ||| 8283 ||| Offered +1 arbalest of flaming with value
                  | 2850.4545454545
  8283 | Lair:1   | 8283 ||| 8283 ||| Offered +1 triple crossbow of
                  | electrocution with value 3614.0909090909
  8283 | Lair:1   | 8283 ||| 8283 ||| Offered +3 longbow of Dowdy Watchfulness
                  | {antimagic, rCorr Str+2} with value -1
  8283 | Lair:1   | 8283 ||| ACQUIRING +1 triple crossbow of electrocution
  8283 | Lair:1   | Acquired a +1 triple crossbow of electrocution
  8283 | Lair:1   | Received a gift from Okawaru
  8284 | Lair:1   | 8284 ||| INVOKING Receive Armour.
  8284 | Lair:1   | 8284 ||| 8284 ||| Offered scarf "Bafraogg" {harm, ^Drain
                  | rCorr Str+4 Int-4 Dex+2} with value difference nil
  8284 | Lair:1   | 8284 ||| 8284 ||| Offered +0 crystal plate armour with
                  | value difference nil
  8284 | Lair:1   | 8284 ||| 8284 ||| Offered scarf of shadows with value
                  | difference -162.5
  8284 | Lair:1   | 8284 ||| 8284 ||| Offered +1 helmet "Vaph" {Rampage Will-
                  | SInv} with value difference 12.5
  8284 | Lair:1   | 8284 ||| ACQUIRING +1 helmet "Vaph" {Rampage Will- SInv}
  8284 | Lair:1   | Acquired the +1 helmet "Vaph" {Rampage Will- SInv}
  8284 | Lair:1   | Received a gift from Okawaru
  8286 | Lair:1   | 8286 ||| SWAPPING to +1 triple crossbow of electrocution.
  8287 | Lair:1   | 8287 ||| DROPPING +1 heavy orcbow.
  8346 | Lair:1   | Reached skill level 9 in Invocations
  8347 | Lair:1   | 8347 ||| RETREEAATING.
  8348 | Lair:1   | 8348 ||| STILL RETREEAATING.
  8349 | Lair:1   | 8349 ||| STILL RETREEAATING.
  8353 | Lair:1   | 8353 ||| STILL RETREEAATING.
  8357 | Lair:1   | Received a gift from Okawaru
  8359 | Lair:1   | 8359 ||| Stepping ~*~*~tactically~*~*~ (retreating).
  8365 | Lair:1   | 8365 ||| FLEEEEING.
  8366 | Lair:1   | 8366 ||| FLEEEEING.
  8367 | Lair:1   | 8367 ||| FLEEEEING.
  8368 | Lair:1   | 8368 ||| FLEEEEING.
  8369 | Lair:1   | 8369 ||| FLEEEEING.
  8370 | Lair:1   | 8370 ||| FLEEEEING.
  8393 | Lair:1   | 8393 ||| READING scroll of enchant armour.
  8393 | Lair:1   | 8393 ||| ENCHANTING +1 pair of gloves.
  8723 | Lair:1   | 8723 ||| RETREEAATING.
  8724 | Lair:1   | 8724 ||| STILL RETREEAATING.
  8725 | Lair:1   | 8725 ||| Stepping ~*~*~tactically~*~*~ (retreating).
  8728 | Lair:1   | 8728 ||| Stepping ~*~*~tactically~*~*~ (retreating).
  8729 | Lair:1   | 8729 ||| Stepping ~*~*~tactically~*~*~ (retreating).
  8730 | Lair:1   | 8730 ||| Stepping ~*~*~tactically~*~*~ (retreating).
  8736 | Lair:1   | 8736 ||| Stepping ~*~*~tactically~*~*~ (retreating).
  8738 | Lair:1   | 8738 ||| INVOKING Finesse.
  8744 | Lair:1   | 8744 ||| FLEEEEING.
  8749 | Lair:1   | Reached skill level 15 in Ranged Weapons
  8757 | Lair:1   | Received a gift from Okawaru
  8767 | Lair:1   | 8767 ||| FLEEEEING.
  8768 | Lair:1   | 8768 ||| FLEEEEING.
  8769 | Lair:1   | 8769 ||| FLEEEEING.
  8770 | Lair:1   | 8770 ||| FLEEEEING.
  8771 | Lair:1   | 8771 ||| FLEEEEING.
  8772 | Lair:1   | 8772 ||| FLEEEEING.
  8773 | Lair:1   | 8773 ||| FLEEEEING.
  8774 | Lair:1   | 8774 ||| FLEEEEING.
  8775 | Lair:1   | 8775 ||| FLEEEEING.
  8777 | Lair:1   | 8777 ||| FLEEEEING.
  8779 | Lair:1   | 8779 ||| FLEEEEING.
  8780 | Lair:1   | 8780 ||| FLEEEEING.
  8781 | Lair:1   | 8781 ||| FLEEEEING.
  8782 | Lair:1   | 8782 ||| FLEEEEING.
  8783 | Lair:1   | 8783 ||| FLEEEEING.
  8784 | Lair:1   | 8784 ||| FLEEEEING.
  8785 | Lair:1   | 8785 ||| FLEEEEING.
  9089 | Lair:1   | 9089 ||| UPGRADING to +1 helmet "Vaph" {Rampage Will-
                  | SInv}.
  9123 | Lair:2   | Found a hole to the Spider Nest.
  9127 | Lair:2   | 9127 ||| STAIRDANCE
  9238 | Lair:2   | 9238 ||| RETREEAATING.
  9249 | Lair:2   | 9249 ||| RETREEAATING.
  9250 | Lair:2   | 9250 ||| STILL RETREEAATING.
  9251 | Lair:2   | 9251 ||| STILL RETREEAATING.
  9252 | Lair:2   | 9252 ||| STILL RETREEAATING.
  9253 | Lair:2   | 9253 ||| STILL RETREEAATING.
  9254 | Lair:2   | 9254 ||| Stepping ~*~*~tactically~*~*~ (retreating).
  9255 | Lair:2   | 9255 ||| Stepping ~*~*~tactically~*~*~ (retreating).
  9265 | Lair:2   | 9265 ||| RETREEAATING.
  9266 | Lair:2   | 9266 ||| STILL RETREEAATING.
  9268 | Lair:2   | 9268 ||| STILL RETREEAATING.
  9271 | Lair:2   | 9271 ||| RETREEAATING.
  9280 | Lair:2   | 9280 ||| Stepping ~*~*~tactically~*~*~ (retreating).
  9281 | Lair:2   | 9281 ||| Stepping ~*~*~tactically~*~*~ (retreating).
  9282 | Lair:2   | 9282 ||| RETREEAATING.
  9289 | Lair:2   | Received a gift from Okawaru
  9289 | Lair:2   | HP: 13/77 [elephant (9)]
  9290 | Lair:2   | Reached XP level 13. HP: 14/82 MP: 20/20
  9290 | Lair:2   | 9290 ||| READING 5 scrolls of teleportation.
  9290 | Lair:2   | HP: 4/82 [elephant (10)]
  9291 | Lair:2   | HP: 1/82 [elephant (3)]
  9292 | Lair:2   | Mangled by a blink frog

Levels and vault maps discovered:
D:1:      psy_arrival_terrarium, layout_loops_ring
D:2:      layout_loops_cross, hellmonk_ecumenical_altar_leap_of_faith,
          serial_shops, shop_statue
D:3:      layout_basic
D:4:      layout_loops_cross, xom_teletrap_fun,
          minmay_temple_entry_stoned_glass, serial_shops, kennysheep_mini_moat,
          kennysheep_generic_room_11
D:5:      layout_layer_cave, nicolae_overflow_hidden_temple
D:6:      layout_gridville, nicolae_sif_muna_little_library,
          gammafunk_ghost_cemetery, serial_shops, nicolae_shop_hallway_plus,
          nicolae_shop_tiny_glass, nicolae_lakefront_shop, shop,
          nicolae_shop_dealshenge, enter_ossuary_1, chequers_arboretum,
          uniq_eustachio
D:7:      minmay_the_grid_plus_closed [minmay_the_grid_square_x,
          minmay_the_grid_outer_circle, minmay_the_grid_broken_lines,
          minmay_the_grid_spikes, minmay_the_grid_prize_big_room],
          layout_cave_pools, grunt_dithmenos_smoke, nzn_wu_jian_council_hall,
          gammafunk_ghost_wrathful_warriors, uniq_pikel
D:8:      layout_loops_cross, kennysheep_mini, ashenzari_conservatory_becter,
          nicolae_diode_intersection, uniq_joseph
D:9:      layout_roguey, mainiacjoe_overflow_small_starburst
D:10:     layout_basic, general_overflow_altar, lair_entry_dummy
Temple:   hellmonk_temple_flake
Lair:1:   layout_roguey, hellmonk_ghost_happy_afterlife, beast_lair_carwin_8,
          infiniplex_staircase_pool_2
Lair:2:   layout_hall_layers, minmay_swamp_entry_worms, spider_nest_entry_a,
          ice2_lemuel

Skill      XL: |  1  2  3  4  5  6  7  8  9 10 11 12 |
---------------+-------------------------------------+-----
Ranged Weapons | 5 6 7 8 10 11 13 14 15 | 15.9
Armour         | 1 2 3 5 |  5.0
Fighting       | 3 4 5 6 8 9 10 | 10.0
Dodging        | 2 3 4 5 |  5.0
Invocations    | 3 4 8 10 | 10.0
Stealth        | |  1.1

Action                     |  1- 3 |  4- 6 |  7- 9 | 10-12 | 13-15 || total
---------------------------+-------+-------+-------+-------+-------++-------
   Fire: Shortbow          |   116 |    88 |   250 |   148 |       ||   602
         Orcbow            |       |       |       |   295 |       ||   295
         Triple crossbow   |       |       |       |   139 |     2 ||   141
 Invoke: Finesse           |       |       |       |     1 |       ||     1
         Receive Weapon    |       |       |       |     1 |       ||     1
         Receive Armour    |       |       |       |     1 |       ||     1
    Use: Scroll            |     9 |     1 |     9 |    14 |     1 ||    34
         Potion            |       |       |     2 |     4 |       ||     6
 Armour: Leather armour    |    24 |    11 |    55 |   230 |     7 ||   327
         Ring mail         |    14 |    16 |       |       |       ||    30
  Dodge: Dodged            |    38 |    19 |    43 |   163 |     5 ||   268
  Block: Other             |     2 |     7 |    16 |    48 |     1 ||    74
         Reflection        |       |       |     1 |     5 |       ||     6

Table legend:
 A = Non-vault XP
 B = Vault XP
 C = Vault XP percentage of total XP
 D = Non-vault monster count
 E = Vault monster count
 F = Vault count percentage of total count
                 A         B        C        D         E       F
            +---------+---------+-------+---------+---------+-------
      Total |   21123 |   11151 |  34.6 |     215 |      68 |  24.0
            +---------+---------+-------+---------+---------+-------
        D:1 |      44 |       0 |   0.0 |      26 |       0 |   0.0
        D:2 |      31 |       0 |   0.0 |      17 |       0 |   0.0
        D:3 |     138 |       0 |   0.0 |      18 |       0 |   0.0
        D:4 |     422 |       1 |   0.2 |      23 |       1 |   4.2
        D:5 |     555 |       0 |   0.0 |       9 |       0 |   0.0
        D:6 |    1195 |     185 |  13.4 |      18 |       1 |   5.3
        D:7 |    1254 |    3954 |  75.9 |      13 |      16 |  55.2
        D:8 |    1737 |     419 |  19.4 |      24 |       1 |   4.0
        D:9 |    1523 |       0 |   0.0 |      12 |       0 |   0.0
       D:10 |    3738 |       0 |   0.0 |      25 |       0 |   0.0
     Lair:1 |    8859 |    2700 |  23.4 |      26 |      10 |  27.8
     Lair:2 |    1627 |    2817 |  63.4 |       4 |      14 |  77.8
    Ossuary |       0 |    1075 | 100.0 |       0 |      25 | 100.0
            +---------+---------+-------+---------+---------+-------
